 Dungeon Crawl Stone Soup version 0.28.0-55-gcd9437bce4 (webtiles) character file.

Game seed: 15453119761559108153

1393 tkbsonic5 the Bolt Thrower (level 9, -2/68 HPs)
             Began as a Human Hunter on Dec 23, 2022.
             Slain by an iguana (4 damage)
             ... on level 6 of the Dungeon.
             The game lasted 00:17:25 (4483 turns).

tkbsonic5 the Bolt Thrower (Human Hunter)           Turns: 4483, Time: 00:17:26

Health: -2/68      AC: 13    Str: 12    XL:     9   Next: 0%
Magic:  9/9        EV: 16    Int:  9    God:
Gold:   156        SH:  0    Dex: 19    Spells: 8/8 levels left

rFire   + . .      SeeInvis .   m - +4 dire flail (protect)
rCold   . . .      Faith    .   (shield currently unavailable)
rNeg    + + .      Spirit   .   b - +0 ring mail of the Arena {rElec rN++ Regen+ Int-2 Stlth+}
rPois   .          Reflect  .   (no helmet)
rElec   +          Harm     .   f - +2 cloak
rCorr   .          Rampage  .   l - +0 pair of gloves
Will    +....                   (no boots)
Stlth   +++.......              (no amulet)
HPRegen 1.01/turn               q - +4 ring of evasion
MPRegen 0.11/turn               t - ring of willpower

@: lethally poisoned (-2 -> -2)
A: iridescent scales 2, deterioration 1, fire resistance 1
a: no special abilities


You were on level 6 of the Dungeon.
You visited 1 branch of the dungeon, and saw 6 of its levels.

You collected 156 gold pieces.

Inventory:

Hand Weapons
 a - a +2 hand crossbow
 e - a +0 hunting sling
 g - a +3 arbalest of freezing
 j - a +3 flail of holy wrath
 m - a +4 dire flail of protection (weapon)
Missiles
 d - 21 bolts
 k - 4 poisoned darts (quivered)
 n - 2 javelins
 p - 78 arrows
Armour
 b - the +0 ring mail of the Arena (worn) {rElec rN++ Regen+ Int-2 Stlth+}
   (You found it on level 6 of the Dungeon)

   Int:       It affects your intelligence (-2).
   rElec:     It insulates you from electricity.
   rN:        It greatly protects you from negative energy.
   Regen:     It increases your rate of health regeneration.
   Stlth:     It makes you more stealthy.
 c - a +0 leather armour
 f - a +2 cloak (worn)
 i - a +0 plate armour
 l - a +0 pair of gloves (worn)
Jewellery
 q - a +4 ring of evasion (left hand)
 t - a ring of willpower (right hand)
Wands
 h - a wand of polymorph (1)
 s - a wand of digging (9)


   Skills:
 * Level 5.0 Fighting
 * Level 4.5 Maces & Flails
 * Level 6.9 Crossbows
 + Level 2.3 Armour
 + Level 3.1 Dodging
 * Level 3.9 Stealth
 + Level 1.7 Evocations


You had 8 spell levels left.
You didn't know any spells.
Your spell library was empty.

Dungeon Overview and Level Annotations

Branches:
Dungeon (6/15)
 Temple: D:4-7

Altars:
Elyvilon
Qazlal
Xom

Shops:
D:1 =   D:3 :

Annotations:
D:2 1 runed translucent door, Crazy Yiuf


Innate Abilities, Weirdness & Mutations

You are mostly covered in iridescent scales. (AC +4)
Your body sometimes deteriorates upon taking damage.
Your flesh is heat resistant. (rF+)


Message History

Your base attributes are Str 12, Int 11, Dex 17.
Increase (S)trength, (I)ntelligence, or (D)exterity?
You feel agile. x2
You sock the killer bee!
The killer bee is heavily wounded.
You feel sick.
The killer bee stings you but does no damage.
The killer bee misses you.
You miss the killer bee.
You feel sick. The killer bee misses you. The killer bee stings you.
* * * LOW HITPOINT WARNING * * *
The killer bee barely misses you.
The killer bee stings you but does no damage.
An iguana comes into view.
The killer bee misses you.
You aren't carrying any scrolls.
Aiming: Dig
Press: ? - help, Shift-Dir - straight line A rock wall.
The rock shatters into small pieces.
You feel sick. The killer bee closely misses you.
The killer bee stings you but does no damage.
The killer bee closely misses you.
The killer bee stings you but does no damage.
You feel sick.
The killer bee stings you but does no damage.
The killer bee barely misses you. The killer bee closely misses you.
You feel sick. The killer bee closely misses you.
You feel sick.
You are no longer poisoned.
The killer bee stings you.
* * * LOW HITPOINT WARNING * * *
You are poisoned.
The killer bee poisons you!
You feel sick.
You feel sick.
You feel sick. The killer bee closely misses you.
The killer bee stings you but does no damage.
The iguana bites you.
You die...

## ...######
######.##
#.......###........
...........S#
#..#.##y###.#..
......yyll......#
....###@###.##..#
#. #.# #.# .# ..#
#.. # ##.. ..# #..
..# #..#... #... .
.... . #


You could see 2 iguanas and 3 killer bees.

Vanquished Creatures
  Menkaure (D:5)
  Duvessa (D:5)
  A necrophage (D:6)
  2 ogres
  A centaur (D:6)
  Blork the orc (D:5)
  A scorpion (D:5)
  2 water moccasin zombies (D:5)
  Dowan (D:5)
  2 killer bees (D:6)
  2 hounds (D:5)
  A jelly (D:4)
  An orc wizard (D:5)
  Natasha (thrice) (D:2)
  Ijyb (D:5)
  A hound skeleton (D:5)
  3 adders
  9 gnolls
  2 howler monkey skeletons
  3 white imps
  2 worms (D:2)
  A dart slug (D:1)
  6 orcs
  5 ball pythons
  7 endoplasms (D:1)
  4 giant cockroaches
  4 hobgoblins (D:1)
  9 kobolds
  6 quokkas
  A bat (D:3)
  5 frilled lizards (D:1)
  2 goblins (D:1)
  3 rats (D:5)
94 creatures vanquished.

Vanquished Creatures (others)
  5 plants (D:5)
5 creatures vanquished.

Grand Total: 99 creatures vanquished

Notes
Turn   | Place    | Note
-------+----------+-------------------------------------------
     0 | D:1      | tkbsonic5 the Human Hunter began the quest for the Orb.
     0 | D:1      | Reached XP level 1. HP: 16/16 MP: 1/1
    24 | D:1      | Found Hurol's Jewellery Shoppe.
    41 | D:1      | Reached XP level 2. HP: 22/22 MP: 2/2
   196 | D:1      | Found a faded altar of an unknown god.
   253 | D:1      | Reached XP level 3. HP: 27/27 MP: 3/3
   401 | D:1      | Reached skill level 5 in Crossbows
  1400 | D:1      | Reached XP level 4. HP: 6/33 MP: 4/4
  1866 | D:2      | Reached skill level 1 in Maces & Flails
  2107 | D:2      | Noticed Natasha
  2115 | D:2      | Killed Natasha
  2116 | D:2      | Reached XP level 5. HP: 33/39 MP: 5/5
  2194 | D:2      | Noticed Natasha
  2203 | D:2      | Killed Natasha
  2406 | D:2      | Noticed Natasha
  2413 | D:2      | Killed Natasha
  2627 | D:2      | Found a runed translucent door.
  2628 | D:2      | Noticed Crazy Yiuf
  2713 | D:3      | Found Zatzov Lykko's Book Boutique.
  2823 | D:3      | You fall into a shaft and drop 3 floors!
  2823 | D:6      | Noticed a necrophage
  2832 | D:6      | Killed a necrophage
  2833 | D:6      | Reached XP level 6. HP: 33/47 MP: 6/6
  2974 | D:6      | Identified the +0 ring mail of the Arena {rElec rN++ Regen+
                  | Int-2 Stlth+}
  3002 | D:5      | Entered Level 5 of the Dungeon
  3059 | D:4      | Reached XP level 7. HP: 50/53 MP: 7/7
  3061 | D:4      | Reached skill level 6 in Crossbows
  3299 | D:4      | Found a white marble altar of Elyvilon.
  3410 | D:4      | Found a shimmering altar of Xom.
  3610 | D:5      | Noticed Blork the orc
  3631 | D:5      | Reached skill level 1 in Armour
  3634 | D:5      | Gained mutation: Your flesh is heat resistant. (rF+)
                  | [potion of mutation]
  3634 | D:5      | Gained mutation: You are partially covered in iridescent
                  | scales. (AC +2) [potion of mutation]
  3634 | D:5      | Gained mutation: Your body sometimes deteriorates upon
                  | taking damage. [potion of mutation]
  3634 | D:5      | Gained mutation: You are mostly covered in iridescent
                  | scales. (AC +4) [potion of mutation]
  3691 | D:5      | Noticed Edmund
  3700 | D:5      | Noticed Edmund
  3700 | D:5      | Edmund changed into Edmund the hound
  3711 | D:5      | Killed Edmund the hound
  3735 | D:5      | Noticed Ijyb
  3742 | D:5      | Killed Ijyb
  3802 | D:5      | Found a stormy altar of Qazlal.
  3832 | D:5      | Noticed Menkaure
  3836 | D:5      | Killed Menkaure
  3837 | D:5      | Reached XP level 8. HP: 61/61 MP: 8/8
  3847 | D:5      | Noticed Dowan
  3850 | D:5      | Noticed Duvessa
  3865 | D:5      | Killed Duvessa
  3866 | D:5      | Reached skill level 1 in Evocations
  3866 | D:5      | Killed Dowan
  4162 | D:5      | Killed Blork the orc
  4463 | D:6      | Identified a scroll of acquirement
  4463 | D:6      | Acquired a +3 arbalest of freezing
  4468 | D:6      | Reached skill level 5 in Fighting
  4475 | D:6      | Reached XP level 9. HP: 7/68 MP: 9/9
  4480 | D:6      | HP: 3/68 [killer bee (2)]
  4483 | D:6      | Slain by an iguana

Illustrated notes

Levels and vault maps discovered:
D:1:      dpeg_arrival_water_temple_mockup, layout_basic, serial_shops,
          nicolae_shop_trees, basic_ecumenical_altar
D:2:      layout_basic, uniq_crazy_yiuf_cottage, uniq_natasha
D:3:      layout_basic, serial_shops, nicolae_shop_crystal, shop,
          nicolae_shop_crystal, uniq_grinder
D:4:      layout_cave_pools, kennysheep_little_box, nicolae_elyvilon_temple_path
D:5:      layout_gridville, kennysheep_mini_moat, gup_sewer_entry_bubbles,
          chequers_jeans, guppyfry_early_lair_pool, uniq_ijyb, uniq_duvessa,
          uniq_menkaure, uniq_edmund, uniq_blork_the_orc
D:6:      layout_loops_cross, minmay_temple_entry_wispy, enter_ossuary_5,
          grunt_decor_fettered

Skill      XL: |  1  2  3  4  5  6  7  8 |
---------------+-------------------------+-----
Crossbows      | 5 6 |  6.9
Maces & Flails | 1 2 3 4 |  4.5
Fighting       | 3 4 5 |  5.0
Stealth        | 2 3 |  3.9
Armour         | 1 2 |  2.3
Evocations     | 1 |  1.7
Dodging        | 3 |  3.1

Action                   |  1- 3 |  4- 6 |  7- 9 || total
-------------------------+-------+-------+-------++-------
Melee: Flail             |     4 |    33 |    18 ||    55
       Dire flail        |       |       |    32 ||    32
 Fire: Hand crossbow     |    79 |    40 |    99 ||   218
       Arbalest          |       |       |     2 ||     2
Evoke: Wand              |       |       |     6 ||     6
  Use: Scroll            |     1 |     5 |     7 ||    13
       Potion            |     1 |       |     6 ||     7
 Stab: Sleeping          |       |     3 |       ||     3
Armor: Leather armour    |     4 |     3 |       ||     7
       Ring mail         |       |       |    46 ||    46
Dodge: Dodged            |     9 |    27 |    92 ||   128
